 Dungeon Crawl Stone Soup version 0.31.0-12-g77e489cdc1 (webtiles) character file.

Game seed: 6374886493440902914

61 Dalarin the Sneak (level 3, -1/17 HPs)
             Began as a Spriggan Enchanter on Feb 19, 2024.
             Slain by a gnoll
             ... wielding a +0 halberd
              (12 damage)
             ... on level 2 of the Dungeon.
             The game lasted 00:07:00 (1196 turns).

Dalarin the Sneak (Spriggan Enchanter)              Turns: 1196, Time: 00:07:01

Health: -1/17      AC:  2    Str:  6    XL:     3   Next: 83%
Magic:  5/8        EV: 17    Int: 16    God:
Gold:   51         SH:  5    Dex: 15    Spells: 0/8 levels left

rFire   . . .        a - +1 dagger
rCold   . . .        (no shield)
rNeg    . . .        b - +0 robe
rPois   .            (helmet restricted)
rElec   .            (no cloak)
rCorr   .            (gloves unavailable)
SInv    +            (boots unavailable)
Will    .....        d - amulet of reflection
Stlth   +++          (no ring)
HPRegen 0.22/turn    (no ring)
MPRegen 0.11/turn

%: reflection
@: very quick
A: very small, no large weapons, unfitting armour, see invisible, speed 3
a: no special abilities


You were on level 2 of the Dungeon.
You visited 1 branch of the dungeon, and saw 2 of its levels.

You collected 51 gold pieces.

Inventory:

Hand Weapons
 a - a +1 dagger (weapon)
Armour
 b - a +0 robe (worn)
Jewellery
 d - an amulet of reflection (around neck)
 g - a +6 ring of intelligence
Scrolls
 f - 2 scrolls of identify
Potions
 c - 2 potions of invisibility
 e - a potion of curing


   Skills:
 + Level 0.9 Fighting
 + Level 1.9 Short Blades
 + Level 3.3 Dodging
 + Level 5.1 Stealth
 + Level 3.2 Spellcasting
 + Level 4.0 Hexes


You couldn't memorise any spells.
You knew the following spells:

 Your Spells              Type           Power      Damage    Failure   Level
a - Ensorcelled Hibernat  Hex/Ice        18%        N/A       12%         2
b - Confusing Touch       Hex            15%        N/A       11%         3
c - Tukima's Dance        Hex            15%        N/A       11%         3

Your spell library contained the following spells:

 Spells                   Type           Power      Damage    Failure   Level
 Dazzling Flash           Conj/Hex       18%        N/A       24%         3
 Gell's Gravitas          Tloc           2%         N/A       50%         3
 Teleport Other           Tloc           2%         N/A       50%         3
 Dispersal                Tloc           1%         N/A       100%        6


Dungeon Overview and Level Annotations

Branches:
Dungeon (2/15)

Altars:


Innate Abilities, Weirdness & Mutations

You are very small and have problems with some larger weapons.
You are too small for most types of armour.
You have supernaturally acute eyesight. (SInv)
You cover ground extremely quickly. (Speed+++)


Message History

You hit the gnoll but do no damage.
The gnoll appears confused.
You hit the gnoll but do no damage. The gnoll barely misses you.
You barely miss the gnoll. You hit the gnoll.
The gnoll is moderately wounded.
The gnoll closely misses you.
You hit the gnoll but do no damage.
The gnoll is moderately wounded.
The gnoll misses the goblin.
The gnoll misses you.
You hit the gnoll.
The gnoll is heavily wounded.
The gnoll hits the gnoll with a +0 club.
The gnoll hits you with a +0 whip.
You barely miss the gnoll.
The gnoll is almost dead.
The gnoll misses you.
You hit the gnoll.
The gnoll is almost dead.
The gnoll seems less confused.
The gnoll completely misses you.
You hit the gnoll.
You kill the gnoll!
Your Hexes skill increases to level 4!
You hit the goblin.
You kill the goblin!
The gnoll misses you.
You barely miss the gnoll. The gnoll barely misses you.
The gnoll hits you with a +0 club.
You hit the gnoll.
The gnoll is lightly wounded.
You hit the gnoll but do no damage.
The gnoll is lightly wounded.
The gnoll barely misses you. The gnoll completely misses you.
You hit the gnoll.
The gnoll is moderately wounded.
The gnoll barely misses you. The gnoll closely misses you.
You closely miss the gnoll.
The gnoll is moderately wounded.
The gnoll hits you from afar with a +0 halberd!
Ouch! That really hurt!
You die...

.K...................##....#.###
..........####.......##....#....
.#####.#............##......###
#..[..#####.......#########
#.[.#.# #.......#
#...#.#####.......#
#...#....##.......#
#..b####.....#.#### .# #...
#####@#.# ..# ....
#g#.########..#
#g................
.#########.......[....####
............##).......#
##########............#
.....###.......###..
#...#.###.#.### ###...###.#...#


You could see 2 gnolls.

Vanquished Creatures
  2 adders (D:2)
  A gnoll (D:2)
  A ribbon worm (D:2)
  A dart slug (D:1)
  A bat (D:2)
  3 endoplasms (D:1)
  2 giant cockroaches (D:1)
  6 goblins
  2 hobgoblins (D:1)
  A quokka (D:1)
  A ball python (D:1)
  A frilled lizard (D:2)
  4 kobolds
  A rat (D:2)
27 creatures vanquished.

Notes
Turn   | Place    | Note
-------+----------+-------------------------------------------
     0 | D:1      | Dalarin the Spriggan Enchanter began the quest for the Orb.
     0 | D:1      | Reached XP level 1. HP: 9/9 MP: 5/5
   205 | D:1      | Found a faded altar of an unknown god.
   219 | D:1      | Reached XP level 2. HP: 12/13 MP: 6/6
   819 | D:2      | Reached XP level 3. HP: 17/17 MP: 8/8
   875 | D:2      | Learned a level 2 spell: Ensorcelled Hibernation
   921 | D:2      | Learned a level 3 spell: Confusing Touch
   936 | D:2      | Reached skill level 5 in Stealth
   961 | D:2      | Learned a level 3 spell: Tukima's Dance
  1196 | D:2      | Slain by a gnoll

Illustrated notes

Levels and vault maps discovered:
D:1:      dpeg_arrival_oval, layout_basic, basic_ecumenical_altar,
          minmay_misc_feat_rows, st_stairs_8
D:2:      minmay_angry_zag, layout_rooms, serial_shops, shop,
          serial_co_window_serial, co_window_paths_b, co_window_paths_a,
          co_window_paths_a, co_window_cross_1, co_window_paths_a,
          co_window_broadway_c, co_window_of_opportunity_b,
          co_window_broadway_a, co_window_2corner, co_window_corner_b,
          glass_columns_a

Skill      XL: |  1  2  3 |
---------------+----------+-----
Dodging        | 3 |  3.3
Spellcasting   | 3 |  3.2
Stealth        | 5 |  5.1
Hexes          | 4 |  4.0
Fighting       | |  0.9
Short Blades   | |  1.9

Action                     || total
---------------------------++-------
  Melee: Dagger            ||    80
         Punch             ||     2
   Cast: Ensorcelled Hiber ||     2
         Tukima's Dance    ||     1
         Confusing Touch   ||     1
    Use: Potion            ||     3
         Scroll            ||     3
   Stab: Sleeping          ||    10
         Distracted        ||     1
 Armour: Robe              ||    13
  Dodge: Dodged            ||    38
  Block: Other             ||    11
         Reflection        ||     1
